 Dungeon Crawl Stone Soup version 0.27-a0-686-gaed091b46b (webtiles) character file.

Game seed: 16054943270760061602

2 EnegeticOcto the Shield-Bearer (level 1, 0/15 HPs)
             Began as a Halfling Fighter on Mar 21, 2021.
             Slain by a ball python (1 damage)
             ... on level 2 of the Dungeon.
             The game lasted 00:00:30 (63 turns).

EnegeticOcto the Shield-Bearer (Halfling Fighter)     Turns: 63, Time: 00:00:31

Health: 0/15       AC:  6    Str: 17    XL:     1   Next: 33%
Magic:  1/1        EV:  8    Int:  6    God:
Gold:   0          SH:  5    Dex: 13    Spells: 0/0 levels left

rFire    . . .     SeeInvis .     - Unarmed
rCold    . . .     Faith    .   b - +0 buckler
rNeg     . . .     Spirit   .   a - +0 scale mail
rPois    .         Reflect  .   (no helmet)
rElec    .         Harm     .   (no cloak)
rCorr    .         Rampage  .   (no gloves)
Will     .....                  (no boots)
Stlth    ..........             (no amulet)
HPRegen  0.05/turn              (no ring)
MPRegen  0.07/turn              (no ring)

@: constricted
A: small, no large weapons, mutation resistance 1
a: no special abilities


You were on level 2 of the Dungeon.
You visited 1 branch of the dungeon, and saw 2 of its levels.

Inventory:

Armour
 a - a +0 scale mail (worn)
 b - a +0 buckler (worn)
Potions
 c - a potion of might {@q3 !q}


   Skills:
 - Level 2.6 Fighting
 - Level 3.2 Armour
 - Level 3.2 Shields
 + Level 1.7 Unarmed Combat


You couldn't memorise any spells.
You didn't know any spells.
Your spell library was empty.

Dungeon Overview and Level Annotations

Branches:
Dungeon (2/15)

Altars:


Innate Abilities, Weirdness & Mutations

You are small and have problems with some larger weapons.
You are somewhat resistant to further mutation.


Message History

Found a stone staircase leading down.
(D) Dungeon
Where to? (? - help)
There is a stone staircase leading down here.
You climb downwards. 2 bats, a ball python and an adder come into view.
The adder hisses angrily.
Found a scroll labelled HOQ XYBOSARA and 18 gold pieces.
Found a stone staircase leading down.
There is a stone staircase leading up here.
The bat closely misses you. The bat barely misses you.
Found a scroll labelled HOQ XYBOSARA.
Unknown command.
Unknown command.
Unknown command.
Unknown command.
You block the bat's attack. The bat hits you but does no damage.
A rat comes into view.
The bat closely misses you. The bat hits you.
The ball python bites you but does no damage.
The ball python barely misses you. The bat closely misses you.
The bat hits you but does no damage. The bat barely misses you.
The rat bites you but does no damage. The bat closely misses you.
The bat hits you but does no damage.
You hit the rat but do no damage. The bat hits you but does no damage.
The adder closely misses you. The rat barely misses you.
You barely miss the adder. The bat misses you.
The adder bites you but does no damage. x2; The rat barely misses you.
You hit the adder but do no damage. The bat barely misses you.
The bat hits you but does no damage. The adder closely misses you.
You block the rat's attack.
You miss the adder. The bat closely misses you. The adder barely misses you.
The rat bites you but does no damage.
You barely miss the adder. You block the bat's attack. The adder bites you.
The bat completely misses you. The adder barely misses you.
You block the rat's attack.
You miss the adder. The bat barely misses you.
The adder bites you but does no damage. The rat bites you but does no damage.
You hit the adder.
The adder is moderately wounded.
The bat closely misses you. The adder barely misses you.
The rat closely misses you.
You closely miss the adder.
The adder is moderately wounded.
The bat barely misses you. You block the adder's attack.
You hit the adder.
The adder is heavily wounded.
The bat barely misses you. The bat hits you but does no damage.
The adder barely misses you. The rat barely misses you.
You block the ball python's attack. The ball python barely misses you.
The adder completely misses you. You block the rat's attack.
You barely miss the adder.
The adder is heavily wounded.
The bat hits you but does no damage. The ball python bites you.
* * * LOW HITPOINT WARNING * * *
The ball python closely misses you. You block the adder's attack.
The rat closely misses you.
You hit the adder.
The adder is heavily wounded.
You block the bat's attack. The adder bites you but does no damage.
The ball python closely misses you. The ball python grabs you.
The ball python constricts you. The bat hits you but does no damage.
You block the rat's attack.
You hit the adder but do no damage.
The adder is heavily wounded.
The bat hits you but does no damage. The adder closely misses you.
You block the bat's attack. The ball python closely misses you.
The ball python constricts you. The adder bites you but does no damage.
The rat barely misses you.
Your shield prevents you from hitting the adder.
The adder is heavily wounded.
You block the bat's attack.
The ball python bites you but does no damage.
* * * LOW HITPOINT WARNING * * *
The ball python constricts you. The adder closely misses you.
You block the rat's attack.
You hit the adder.
The adder is almost dead.
You block the bat's attack.
The ball python bites you but does no damage.
* * * LOW HITPOINT WARNING * * *
The ball python constricts you. The adder barely misses you.
The ball python barely misses you. The ball python constricts you.
You closely miss the adder.
The adder is almost dead.
You block the bat's attack. You block the rat's attack.
The adder closely misses you. The ball python completely misses you.
* * * LOW HITPOINT WARNING * * *
The ball python constricts you.
You hit the adder.
The adder is almost dead.
The adder bites you.
* * * LOW HITPOINT WARNING * * *
The rat barely misses you. The ball python misses you.
The ball python constricts you. The adder bites you but does no damage.
You miss the adder.
The adder is almost dead.
The rat bites you but does no damage.
The ball python bites you but does no damage.
You die...

## #.. ## #.#
... #.# ####.#
#.# ###.....#
#.# #........
#.###.....#.##
#rSb..........
#@#...<...#
#S.....?..#
#.........#
#......>..#
#.........#
#........##
#.#...$.##
#.#...... .
##..#?##


You could see an adder, a bat, a ball python and a rat.

Vanquished Creatures
  A leopard gecko (D:1)
1 creature vanquished.

Notes
Turn   | Place    | Note
-------+----------+-------------------------------------------
     0 | D:1      | EnegeticOcto the Halfling Fighter began the quest for the
                  | Orb.
     0 | D:1      | Reached XP level 1. HP: 15/15 MP: 1/1
    63 | D:2      | Slain by a ball python

Illustrated notes

Levels and vault maps discovered:
D:1:      tarquinn_simple_flora_water_f, layout_basic,
          hangedman_decor_clover_reticule
D:2:      layout_loops_ring, lemuel_crystal_altar

Action                   || total
-------------------------++-------
Melee: Unarmed           ||    33
Armor: Scale mail        ||    26
Dodge: Dodged            ||    47
Block: Buckler           ||    22

Table legend: (Time is in decaauts)
 A = Elapsed time spent in this place.
 B = Non-inter-level travel time spent in this place.
 C = Inter-level travel time spent in this place.
 D = Time resting spent in this place.
 E = Time spent auto-exploring this place.
 F = Levels seen in this place.
 G = Mean time per level.
                   A        B        C        D        E       F      G
               +--------+--------+--------+--------+--------+-----+--------+
         Total |     63 |     59 |      4 |      0 |      0 |   2 |   31.5 |
       Dungeon |     63 |     59 |      4 |      0 |      0 |   2 |   31.5 |
               +--------+--------+--------+--------+--------+-----+--------+

Top non-repeatable levels by time:
     D:1: 42 daAuts
     D:2: 21 daAuts
